Lattouf almost solo carries his pisslow teammate

Match 21501807
End
Selects Luftwaffe Battlegroup
Selects Luftwaffe Battlegroup
Selects Luftwaffe Pioneer Support
Fallschirmpioneer Squad Paradrop
Construct Infanterie Kompanie
MG 42 Machine Gun Team
Grenadier Squad
Construct Panzergrenadier Kompanie
Panzergrenadier Squad
Selects Reconnaissance Run
Selects Fallschirmjäger Squad Paradrop
Fallschirmjäger Squad Paradrop
Medical Station
Selects LG40 Recoilless Gun Paradrop
LG40 Recoilless Gun Paradrop
Fallschirmjäger Squad Paradrop
Panzergrenadier Officer Quarters
MG 42 Machine Gun Team
Fallschirmjäger Squad Paradrop
Pak 40 Anti-tank Gun Team
Selects Infantry Reserves
Construct Panzer Kompanie
Sturmpanzer IV Brummbär
Selects Stuka Loiter
MG 42 Machine Gun Team
Stuka Loiter
Sturmpanzer IV Brummbär
Pak 40 Anti-tank Gun Team
Stuka Loiter
Panzer Officer Quarters
Stuka Loiter
Sturmpanzer IV Brummbär
nub
FutureNP
RupturedDuck
lattouf
0
0

Comments sign in to comment!

No comments posted yet!